 Dungeon Crawl Stone Soup version 0.31-a0-963-ga325b2283a (webtiles) character file.

Game seed: 16236206211450808437

56 Pixllover the Chopper (level 3, -1/33 HPs)
             Began as a Hill Orc Monk on Oct 25, 2023.
             Slain by Crazy Yiuf
             ... wielding a +2 quarterstaff of chaos
              (7 damage)
             ... on level 2 of the Dungeon.
             The game lasted 00:02:22 (1455 turns).

Pixllover the Chopper (Hill Orc Monk)               Turns: 1455, Time: 00:02:22

Health: -1/33      AC:  2    Str: 15    XL:     3   Next: 97%
Magic:  3/3        EV: 12    Int: 10    God:
Gold:   127        SH:  0    Dex: 13    Spells: 2/2 levels left

rFire   . . .        q - +0 war axe
rCold   . . .        d - orb {light}
rNeg    . . .        b - +0 robe
rPois   .            (no helmet)
rElec   .            (no cloak)
rCorr   .            (no gloves)
SInv    .            (no boots)
Will    +....        i - amulet of the acrobat
Stlth   +            h - ring of willpower
HPRegen 0.25/turn    (no ring)
MPRegen 0.08/turn

%: acrobat
@: glowing
A: no striking features
a: no special abilities


You were on level 2 of the Dungeon.
You visited 1 branch of the dungeon, and saw 2 of its levels.

You collected 127 gold pieces.

Inventory:

Hand Weapons
 q - a +0 war axe (weapon)
Missiles
 p - 5 poisoned darts (quivered)
Armour
 b - a +0 robe (worn)
 d - an orb of light (worn)
Jewellery
 h - a ring of willpower (left hand)
 i - an amulet of the acrobat (around neck)
Scrolls
 a - a scroll of silence {unknown}
 g - 2 scrolls of vulnerability {unknown}
 j - 2 scrolls of identify {unknown}
 k - a scroll of acquirement {unknown}
Potions
 c - a potion of ambrosia
 e - a potion of degeneration {unknown}
 f - a potion of lignification {unknown}
 l - a potion of curing {unknown}
 m - a potion of resistance {unknown}
 n - a potion of heal wounds {unknown}
 o - a potion of invisibility {unknown}


   Skills:
 + Level 4.2 Fighting
 + Level 5.1 Axes
 + Level 3.0 Dodging


You had 2 spell levels left.
You didn't know any spells.
Your spell library contained the following spells:

 Spells                   Type           Power      Damage    Failure   Level
 Dazzling Flash           Conj/Hex       0%         N/A       75%         3
 Volatile Blastmotes      Fire/Tloc      0%         2d10      75%         3
 Starburst                Conj/Fire      0%         6d3       100%        6
 Maxwell's Capacitive Co  Air            0%         ∞         100%        8


Dungeon Overview and Level Annotations

Branches:
Dungeon (2/15)

Altars:

Annotations:
D:2 Crazy Yiuf


Message History

You kill the goblin!
You pick up a book of Spectacle and begin reading...
You add the spells Volatile Blastmotes, Dazzling Flash, Starburst and Maxwell's Capacitive Coupling to your library.
You see here a giant cockroach corpse.
Found a stone staircase leading up.
a - a scroll labelled RULODI ZESEPAXUBAC You enter the shallow water.
Moving in this stuff is going to be slow.
You enter the shallow water.
Moving in this stuff is going to be slow.
You enter the shallow water.
Moving in this stuff is going to be slow.
Found 4 stones.
You enter the shallow water.
Moving in this stuff is going to be slow.
You see here 4 stones.
Found a hammer.
Found a runed translucent door.
Crazy Yiuf shouts!
You open the door. You hit Crazy Yiuf.
Crazy Yiuf is lightly wounded.
Crazy Yiuf barely misses you.
You slash Crazy Yiuf!
Crazy Yiuf is heavily wounded.
Crazy Yiuf closely misses you.
You barely miss Crazy Yiuf.
Crazy Yiuf is heavily wounded.
Crazy Yiuf misses you.
Crazy Yiuf hits you with a +2 quarterstaff of chaos!
Crazy Yiuf freezes you.
You hit Crazy Yiuf.
Crazy Yiuf is heavily wounded.
Crazy Yiuf hits you with a +2 quarterstaff of chaos!
* * * LOW HITPOINT WARNING * * *
Crazy Yiuf burns you.
* * * LOW HITPOINT WARNING * * *
You barely miss Crazy Yiuf.
Crazy Yiuf is heavily wounded.
Crazy Yiuf hits you with a +2 quarterstaff of chaos!
You die...

# ##
##### .#
#..)# ..
#...# ..
... .#
#g# .#
♣♣@♣ .#
♣.♣♣ .#
# ♣♣.♣
.##.#...
♣.♣♣
........
♣♣.♣♣ .#
♣...♣♣
.#
♣....♣
.##
##..##
)†#
#....#


You could see Crazy Yiuf.

Vanquished Creatures
  A worm (D:2)
  6 ball pythons
  4 endoplasms
  3 giant cockroaches
  7 goblins
  6 hobgoblins
  6 jackals (D:1)
  2 quokkas
  3 bats (D:1)
  4 frilled lizards
  A kobold (D:1)
  4 rats (D:1)
47 creatures vanquished.

Notes
Turn   | Place    | Note
-------+----------+-------------------------------------------
     0 | D:1      | Pixllover the Hill Orc Monk began the quest for the Orb.
     0 | D:1      | Reached XP level 1. HP: 19/19 MP: 1/1
   133 | D:1      | Reached XP level 2. HP: 24/27 MP: 2/2
   547 | D:1      | Reached XP level 3. HP: 28/33 MP: 3/3
  1265 | D:2      | Reached skill level 5 in Axes
  1446 | D:2      | Found a runed translucent door.
  1447 | D:2      | Noticed Crazy Yiuf
  1455 | D:2      | Slain by Crazy Yiuf

Illustrated notes

Levels and vault maps discovered:
D:1:      roderic_dead_forest, layout_loops_cross
D:2:      layout_loops_cross, amcnicky_mini_rare_corridor_liquid,
          serial_bayou_pond_c, kennysheep_path_1, uniq_crazy_yiuf_cottage

Skill      XL: |  1  2  3 |
---------------+----------+-----
Fighting       | 4 |  4.2
Axes           | 5 |  5.1
Dodging        | 3 |  3.0

Action                     || total
---------------------------++-------
  Melee: Hand axe          ||    99
         War axe           ||    27
 Armour: Robe              ||    63
  Dodge: Dodged            ||    93

Table legend: (Time is in decaauts)
 A = Elapsed time spent in this place.
 B = Non-inter-level travel time spent in this place.
 C = Inter-level travel time spent in this place.
 D = Time resting spent in this place.
 E = Time spent auto-exploring this place.
 F = Levels seen in this place.
 G = Mean time per level.
                   A        B        C        D        E       F      G
               +--------+--------+--------+--------+--------+-----+--------+
         Total |   1472 |   1449 |     23 |     56 |    968 |   2 |  736.0 |
       Dungeon |   1472 |   1449 |     23 |     56 |    968 |   2 |  736.0 |
               +--------+--------+--------+--------+--------+-----+--------+

Top non-repeatable levels by time:
     D:1: 912 daAuts
     D:2: 560 daAuts
